| TOP OF THE 1ST |
|
Baltimore Orioles batting - Pitching for Seattle Pilots : RHP Francisco Oliveras
|
|
Pitching: RHP Francisco Oliveras
|
|
|
Batting: LHB Johnny Damon
|
0-0: Called Strike 0-1: Swinging Strike 0-2: Ball 1-2: Foul Ball, location: 2F 1-2: Foul Ball, location: 2F 1-2: Ball 2-2: Ball 3-2: Foul Ball, location: 2F 3-2: Foul Ball, location: 2F 3-2: Foul Ball, location: 2F 3-2: Base on Balls
|
|
Batting: LHB Bill Spiers
|
0-0: Called Strike 0-1: Ball 1-1: Ball 2-1: Called Strike 2-2: SINGLE (Groundball, 6D, EV 97.5 MPH) Johnny Damon to second Runner from 2nd tries for 3rd, OUT! 8-5
|
|
Batting: LHB Kenny Lofton
|
0-0: Sac Bunt to 3S - play at first, batter OUT! 3-1 Bill Spiers to second
|
|
Batting: LHB Matt Franco
|
0-0: Called Strike 0-1: Fly out, F8 (Line Drive, 8LM, EV 91.3 MPH)
|
| Top of the 1st over - 0 runs, 1 hit, 0 errors, 1 left on base; Baltimore 0 - Seattle 0 |
| BOTTOM OF THE 1ST |
|
Seattle Pilots batting - Pitching for Baltimore Orioles : RHP Dwight Gooden
|
|
Pitching: RHP Dwight Gooden
|
|
|
Batting: SHB Pat Listach
|
0-0: Ground out 4-3 (Groundball, 4M, EV 86.9 MPH)
|
|
Batting: RHB Edgar Martinez
|
0-0: SINGLE (Flyball, 9LS, EV 90.0 MPH)
|
|
Batting: LHB Ken Griffey Jr.
|
0-0: Called Strike 0-1: SINGLE (Groundball, 6M, EV 99.4 MPH) (infield hit) Edgar Martinez to second
|
|
Batting: LHB J.T. Snow
|
0-0: Foul Ball, location: 2F 0-1: Called Strike 0-2: Ball 1-2: Strikes out looking
|
|
Batting: RHB Francisco Cabrera
|
0-0: Foul Ball, location: 2F 0-1: Fly out, F8 (Flyball, 8RS, EV 86.9 MPH)
|
| Bottom of the 1st over - 0 runs, 2 hits, 0 errors, 2 left on base; Baltimore 0 - Seattle 0 |
| TOP OF THE 2ND |
|
Baltimore Orioles batting - Pitching for Seattle Pilots : RHP Francisco Oliveras
|
|
Batting: RHB Kelly Gruber
|
0-0: Ball 1-0: DOUBLE (Flyball, 8LXD, EV 97.5 MPH)
|
|
Batting: RHB Lyle Mouton
|
0-0: Ball 1-0: Ball 2-0: Called Strike 2-1: Called Strike 2-2: Foul Ball, location: 2F 2-2: Foul Ball, location: 2F 2-2: Foul Ball, location: 2F 2-2: Strikes out looking
|
|
Batting: LHB Matt Nokes
|
0-0: Ball 1-0: Foul Ball, location: 2F 1-1: Called Strike 1-2: Foul Ball, location: 2F 1-2: Strikes out swinging
|
|
Batting: RHB Alvaro Espinoza
|
0-0: Called Strike 0-1: Ball 1-1: Foul Ball, location: 2F 1-2: Ground out 4-3 (Groundball, 4MS, EV 81.3 MPH)
|
| Top of the 2nd over - 0 runs, 1 hit, 0 errors, 1 left on base; Baltimore 0 - Seattle 0 |
| BOTTOM OF THE 2ND |
|
Seattle Pilots batting - Pitching for Baltimore Orioles : RHP Dwight Gooden
|
|
Batting: RHB Jermaine Dye
|
0-0: Ball 1-0: Foul Ball, location: 2F 1-1: Ball 2-1: Fly out, F9 (Flyball, 89S, EV 88.1 MPH)
|
|
Batting: LHB Scott Bullett
|
0-0: Ball 1-0: Called Strike 1-1: Foul Ball, location: 2F 1-2: Ball 2-2: Strikes out swinging
|
|
Batting: SHB Mark McLemore
|
0-0: Called Strike 0-1: Ball 1-1: Swinging Strike 1-2: Ball 2-2: SINGLE (Line Drive, 4D, EV 98.1 MPH)
|
|
Batting: RHB Hector Villanueva
|
0-0: Ball 1-0: Fly out, F7 (Flyball, 7, EV 93.8 MPH)
|
| Bottom of the 2nd over - 0 runs, 1 hit, 0 errors, 1 left on base; Baltimore 0 - Seattle 0 |
| TOP OF THE 3RD |
|
Baltimore Orioles batting - Pitching for Seattle Pilots : RHP Francisco Oliveras
|
|
Batting: RHB Ed Sprague Jr.
|
0-0: Called Strike 0-1: Hit by Pitch
|
|
Batting: LHB Johnny Damon
|
0-0: Bunt missed! 0-1: Ball 1-1: Ball 2-1: Bunted foul 2-2: Ball 3-2: Base on Balls Ed Sprague Jr. to second
|
|
Batting: LHB Bill Spiers
|
0-0: Bunt missed! 0-1: Bunt missed! 0-2: Ball 1-2: Strikes out swinging
|
|
Batting: LHB Kenny Lofton
|
0-0: Fielders Choice at 2nd, 4-6 (Groundball, 4S, EV 85.6 MPH) Ed Sprague Jr. to third
|
|
Batting: LHB Matt Franco
|
0-0: Called Strike 0-1: SINGLE (Groundball, 13S, EV 71.9 MPH) (infield hit) Ed Sprague Jr. scores Kenny Lofton to second
|
|
Batting: RHB Kelly Gruber
|
0-0: Foul Ball, location: 2F 0-1: 3-RUN HOME RUN (Flyball, 78XD, EV 102.5 MPH), Distance : 367 ft
|
|
Batting: RHB Lyle Mouton
|
0-0: Called Strike 0-1: Called Strike 0-2: Strikes out swinging
|
| Top of the 3rd over - 4 runs, 2 hits, 0 errors, 0 left on base; Baltimore 4 - Seattle 0 |
| BOTTOM OF THE 3RD |
|
Seattle Pilots batting - Pitching for Baltimore Orioles : RHP Dwight Gooden
|
|
Batting: SHB Pat Listach
|
0-0: Ball 1-0: Called Strike 1-1: Foul Ball, location: 2F 1-2: Strikes out swinging
|
|
Batting: RHB Edgar Martinez
|
0-0: Swinging Strike 0-1: Fly out, F5 (Popup, 5S, EV 70.6 MPH)
|
|
Batting: LHB Ken Griffey Jr.
|
0-0: Swinging Strike 0-1: Ball 1-1: Foul Ball, location: 2F 1-2: SINGLE (Flyball, 7S, EV 86.3 MPH)
|
|
Batting: LHB J.T. Snow
|
0-0: Ball 1-0: Ball 2-0: Foul Ball, location: 2F 2-1: Ball 3-1: Swinging Strike 3-2: Strikes out swinging
|
| Bottom of the 3rd over - 0 runs, 1 hit, 0 errors, 1 left on base; Baltimore 4 - Seattle 0 |
| TOP OF THE 4TH |
|
Baltimore Orioles batting - Pitching for Seattle Pilots : RHP Francisco Oliveras
|
|
Batting: LHB Matt Nokes
|
0-0: Ball 1-0: Swinging Strike 1-1: Called Strike 1-2: Ball 2-2: Strikes out swinging
|
|
Batting: RHB Alvaro Espinoza
|
0-0: SINGLE (Groundball, 6MD, EV 109.4 MPH)
|
|
Batting: RHB Ed Sprague Jr.
|
0-0: Ball 1-0: Ball 2-0: Foul Ball, location: 2F 2-1: Swinging Strike 2-2: Foul Ball, location: 2F 2-2: Ball 3-2: Foul Ball, location: 2F 3-2: Strikes out looking
|
|
Batting: LHB Johnny Damon
|
0-0: Foul Ball, location: 2F 0-1: Fly out, F7 (Flyball, 7LS, EV 88.1 MPH)
|
| Top of the 4th over - 0 runs, 1 hit, 0 errors, 1 left on base; Baltimore 4 - Seattle 0 |
| BOTTOM OF THE 4TH |
|
Seattle Pilots batting - Pitching for Baltimore Orioles : RHP Dwight Gooden
|
|
Batting: RHB Francisco Cabrera
|
0-0: Swinging Strike 0-1: Foul Ball, location: 2F 0-2: Ball 1-2: Ball 2-2: Foul Ball, location: 2F 2-2: Ball 3-2: Strikes out looking
|
|
Batting: RHB Jermaine Dye
|
0-0: Ball 1-0: Swinging Strike 1-1: Foul Ball, location: 2F 1-2: Foul Ball, location: 2F 1-2: Strikes out swinging
|
|
Batting: LHB Scott Bullett
|
0-0: Ball 1-0: Swinging Strike 1-1: Swinging Strike 1-2: Strikes out swinging
|
| Bottom of the 4th over - 0 runs, 0 hits, 0 errors, 0 left on base; Baltimore 4 - Seattle 0 |
| TOP OF THE 5TH |
|
Baltimore Orioles batting - Pitching for Seattle Pilots : RHP Francisco Oliveras
|
|
Batting: LHB Bill Spiers
|
0-0: Ball 1-0: Swinging Strike 1-1: Ball 2-1: Called Strike 2-2: Ball 3-2: Ground out 6-3 (Groundball, 6, EV 86.3 MPH)
|
|
Batting: LHB Kenny Lofton
|
0-0: Foul Ball, location: 2F 0-1: Called Strike 0-2: Ball 1-2: Ground out 4-3 (Groundball, 4, EV 85.0 MPH)
|
|
Batting: LHB Matt Franco
|
0-0: Ball 1-0: Ball 2-0: Ball 3-0: Called Strike 3-1: Ground out 6-3 (Groundball, 56, EV 108.1 MPH)
|
| Top of the 5th over - 0 runs, 0 hits, 0 errors, 0 left on base; Baltimore 4 - Seattle 0 |
| BOTTOM OF THE 5TH |
|
Seattle Pilots batting - Pitching for Baltimore Orioles : RHP Dwight Gooden
|
|
Batting: SHB Mark McLemore
|
0-0: Called Strike 0-1: Foul Ball, location: 2F 0-2: Ball 1-2: Fly out, F7 (Flyball, 7S, EV 83.8 MPH)
|
|
Batting: RHB Hector Villanueva
|
0-0: Ground out 6-3 (Groundball, 6, EV 88.8 MPH)
|
|
Batting: SHB Pat Listach
|
0-0: Called Strike 0-1: Foul Ball, location: 2F 0-2: Foul Ball, location: 2F 0-2: Foul Ball, location: 2F 0-2: Ball 1-2: Ball 2-2: Ground out U3 (Groundball, 3, EV 82.5 MPH)
|
| Bottom of the 5th over - 0 runs, 0 hits, 0 errors, 0 left on base; Baltimore 4 - Seattle 0 |
| TOP OF THE 6TH |
|
Baltimore Orioles batting - Pitching for Seattle Pilots : RHP Francisco Oliveras
|
|
Batting: RHB Kelly Gruber
|
0-0: Swinging Strike 0-1: Called Strike 0-2: Ball 1-2: Strikes out swinging
|
|
Batting: RHB Lyle Mouton
|
0-0: SINGLE (Line Drive, 9S, EV 106.3 MPH)
|
|
Pitching: LHP Derek Lilliquist
|
|
|
Batting: LHB Matt Nokes
|
0-0: Ball 1-0: Fly out, F9 (Flyball, 9, EV 84.4 MPH)
|
|
Batting: RHB Alvaro Espinoza
|
Pickoff Throw to First - Error! E1 Lyle Mouton to second 0-0: Reached via error on a dropped throw from 1B, E1 (Groundball, 34, EV 93.8 MPH) Lyle Mouton to third
|
|
Batting: RHB Ed Sprague Jr.
|
0-0: Called Strike 0-1: Fielders Choice at 2nd, 5-4 (Groundball, 56, EV 83.1 MPH)
|
| Top of the 6th over - 0 runs, 1 hit, 2 errors, 2 left on base; Baltimore 4 - Seattle 0 |
| BOTTOM OF THE 6TH |
|
Seattle Pilots batting - Pitching for Baltimore Orioles : RHP Dwight Gooden
|
|
Batting: RHB Edgar Martinez
|
0-0: Ball 1-0: Ball 2-0: SINGLE (Flyball, 56D, EV 87.5 MPH)
|
|
Batting: LHB Ken Griffey Jr.
|
0-0: Ball 1-0: Called Strike 1-1: Ball 2-1: Ball 3-1: Foul Ball, location: 2F 3-2: Fly out, F7 (Flyball, 7LS, EV 80.6 MPH)
|
|
Batting: LHB J.T. Snow
|
0-0: Ball 1-0: Ball 2-0: Called Strike 2-1: Foul Ball, location: 2F 2-2: Strikes out looking
|
|
Batting: RHB Francisco Cabrera
|
0-0: Called Strike 0-1: Swinging Strike 0-2: Ball 1-2: Foul Ball, location: 2F 1-2: Ball 2-2: Strikes out swinging
|
| Bottom of the 6th over - 0 runs, 1 hit, 0 errors, 1 left on base; Baltimore 4 - Seattle 0 |
| TOP OF THE 7TH |
|
Baltimore Orioles batting - Pitching for Seattle Pilots : LHP Derek Lilliquist
|
|
Batting: LHB Johnny Damon
|
0-0: Called Strike 0-1: Foul Ball, location: 2F 0-2: DOUBLE (Line Drive, 78D, EV 104.4 MPH)
|
|
Batting: LHB Bill Spiers
|
0-0: Bunt missed! 0-1: Bunt missed! 0-2: Ball 1-2: Fly out, F7 (Line Drive, 7, EV 94.4 MPH)
|
|
Batting: LHB Kenny Lofton
|
0-0: Called Strike Johnny Damon steals 3rd base 0-1: Ball Wild Pitch! Johnny Damon scores 1-1: Called Strike 1-2: Ball 2-2: Ground out 4-3 (Groundball, 4, EV 85.0 MPH)
|
|
Batting: LHB Matt Franco
|
0-0: Called Strike 0-1: Foul Ball, location: 2F 0-2: Foul Ball, location: 2F 0-2: SINGLE (Groundball, 34D, EV 101.9 MPH)
|
|
Batting: RHB Kelly Gruber
|
0-0: Ball 1-0: Foul Ball, location: 2F 1-1: Foul Ball, location: 2F 1-2: Foul Ball, location: 2F 1-2: Fly out, F8 (Flyball, 78M, EV 90.6 MPH)
|
| Top of the 7th over - 1 run, 2 hits, 0 errors, 1 left on base; Baltimore 5 - Seattle 0 |
| BOTTOM OF THE 7TH |
|
Seattle Pilots batting - Pitching for Baltimore Orioles : RHP Dwight Gooden
|
|
Batting: RHB Jermaine Dye
|
0-0: Fly out, F4 (Popup, 4MD, EV 68.1 MPH)
|
|
Batting: LHB Scott Bullett
|
0-0: Ball 1-0: Called Strike 1-1: SINGLE (Flyball, 78S, EV 96.3 MPH)
|
|
Batting: SHB Mark McLemore
|
0-0: Called Strike 0-1: SINGLE (Groundball, 6M, EV 96.9 MPH) (infield hit) Scott Bullett to second
|
|
Batting: RHB Hector Villanueva
|
0-0: Ball 1-0: Swinging Strike 1-1: Called Strike 1-2: Strikes out swinging
|
|
Batting: SHB Pat Listach
|
0-0: Ball 1-0: Ball 2-0: Ball 3-0: Called Strike 3-1: SINGLE (Groundball, 4S, EV 68.1 MPH) (infield hit) Scott Bullett to third Mark McLemore to second
|
|
Batting: RHB Edgar Martinez
|
0-0: Ball 1-0: Ball 2-0: Foul Ball, location: 2F 2-1: Swinging Strike 2-2: Strikes out looking
|
| Bottom of the 7th over - 0 runs, 3 hits, 0 errors, 3 left on base; Baltimore 5 - Seattle 0 |
| TOP OF THE 8TH |
|
Baltimore Orioles batting - Pitching for Seattle Pilots : LHP Derek Lilliquist
|
|
Batting: RHB Lyle Mouton
|
0-0: Called Strike 0-1: Ball 1-1: Ground out 4-3 (Groundball, 4, EV 110.6 MPH)
|
|
Batting: LHB Matt Nokes
|
0-0: SINGLE (Groundball, 6D, EV 96.9 MPH)
|
|
Batting: RHB Alvaro Espinoza
|
0-0: Ball 1-0: Called Strike 1-1: Ball 2-1: Fly out, F4 (Popup, 4, EV 78.1 MPH)
|
|
Batting: RHB Ed Sprague Jr.
|
0-0: Ball 1-0: 2-RUN HOME RUN (Line Drive, 7D, EV 100.6 MPH), Distance : 372 ft
|
|
Batting: LHB Johnny Damon
|
0-0: Ball 1-0: Foul Ball, location: 2F 1-1: Ball 2-1: Ball 3-1: Called Strike 3-2: Foul Ball, location: 2F 3-2: Strikes out looking
|
| Top of the 8th over - 2 runs, 2 hits, 0 errors, 0 left on base; Baltimore 7 - Seattle 0 |
| BOTTOM OF THE 8TH |
|
Seattle Pilots batting - Pitching for Baltimore Orioles : RHP Dwight Gooden
|
|
Batting: LHB Ken Griffey Jr.
|
0-0: Called Strike 0-1: Ball 1-1: Ball 2-1: Ball 3-1: SINGLE (Groundball, 4MD, EV 95.6 MPH)
|
|
Batting: LHB J.T. Snow
|
0-0: Foul Ball, location: 2F 0-1: Fly out, F9 (Flyball, 9, EV 95.0 MPH)
|
|
Batting: RHB Francisco Cabrera
|
0-0: Ball 1-0: Fielders Choice at 2nd, 1-6 (Groundball, 13, EV 78.1 MPH)
|
|
Batting: RHB Jermaine Dye
|
0-0: Ball 1-0: Fly out, F8 (Line Drive, 8RM, EV 106.3 MPH)
|
| Bottom of the 8th over - 0 runs, 1 hit, 0 errors, 1 left on base; Baltimore 7 - Seattle 0 |
| TOP OF THE 9TH |
|
Baltimore Orioles batting - Pitching for Seattle Pilots : LHP Derek Lilliquist
|
|
Pinch Hitting: RHB Pat Meares
|
0-0: Fly out, F9 (Flyball, 9S, EV 88.8 MPH)
|
|
Batting: LHB Kenny Lofton
|
0-0: Foul Ball, location: 2F 0-1: Ball 1-1: Called Strike 1-2: DOUBLE (Line Drive, 89D, EV 101.3 MPH)
|
|
Batting: LHB Matt Franco
|
0-0: Ball Kenny Lofton steals 3rd, throwing error, E2 Kenny Lofton scores 1-0: Ball 2-0: Called Strike 2-1: Foul Ball, location: 2F 2-2: Fly out, F8 (Flyball, 8RM, EV 88.8 MPH)
|
|
Pinch Hitting: RHB Miguel Tejada
|
0-0: Ball 1-0: Called Strike 1-1: Ball 2-1: Ball 3-1: Called Strike 3-2: TRIPLE (Flyball, 89XD, EV 90.0 MPH)
|
|
Batting: RHB Lyle Mouton
|
0-0: Foul Ball, location: 2F 0-1: Ball 1-1: Ball 2-1: Ball 3-1: SINGLE (Line Drive, 78S, EV 104.4 MPH) Miguel Tejada scores
|
|
Batting: LHB Matt Nokes
|
0-0: Called Strike 0-1: Foul Ball, location: 2F 0-2: Strikes out swinging
|
| Top of the 9th over - 2 runs, 3 hits, 1 error, 1 left on base; Baltimore 9 - Seattle 0 |
| BOTTOM OF THE 9TH |
|
Seattle Pilots batting - Pitching for Baltimore Orioles : RHP Dwight Gooden
|
|
Now at 3B: Miguel Tejada
|
|
|
Now at SS: Pat Meares
|
|
|
Batting: LHB Scott Bullett
|
0-0: Called Strike 0-1: Ball 1-1: Swinging Strike 1-2: Ball 2-2: Strikes out swinging
|
|
Batting: SHB Mark McLemore
|
0-0: SINGLE (Line Drive, 8RS, EV 91.3 MPH)
|
|
Batting: RHB Hector Villanueva
|
0-0: Ball 1-0: Ball 2-0: Called Strike 2-1: Foul Ball, location: 2F 2-2: Strikes out swinging
|
|
Batting: SHB Pat Listach
|
0-0: Called Strike 0-1: Ball 1-1: Foul Ball, location: 2F 1-2: Foul Ball, location: 2F 1-2: Ground out 4-3 (Groundball, 4, EV 84.4 MPH)
|
| Bottom of the 9th over - 0 runs, 1 hit, 0 errors, 1 left on base; Baltimore 9 - Seattle 0 |
|